 Dungeon Crawl Stone Soup version 0.23.2-1-ga50397a (webtiles) character file.

Game seed: 6417687347442011531

133 whitewolfNL the Skirmisher (level 4, -1/45 HPs)
             Began as a Troll Berserker on Apr 19, 2019.
             Was a Believer of Trog.
             Slain by a gnoll
             ... wielding a +0 spear
              (7 damage)
             ... on level 3 of the Dungeon.
             The game lasted 00:07:26 (1787 turns).

whitewolfNL the Skirmisher (Troll Berserker)        Turns: 1787, Time: 00:07:27

Health: -1/45      AC:  6    Str: 25    XL:     4   Next: 94%
Magic:  3/3        EV: 14    Int:  6    God:    Trog [**....]
Gold:   51         SH:  0    Dex: 10    Spells: 3/3 levels left

rFire    . . .     SeeInvis .   a - +0 mace
rCold    . . .     Gourm    +   (no shield)
rNeg     . . .     Faith    .   b - +0 animal skin
rPois    .         Spirit   .   (helmet restricted)
rElec    .         Reflect  .   (no cloak)
rCorr    .         Harm     .   (gloves unavailable)
MR       .....                  (boots unavailable)
Stlth    +.........             l - amulet of inaccuracy (curse)
HPRegen  0.55/turn              d - +3 ring of intelligence
MPRegen  0.08/turn              i - +4 ring of evasion

@: berserk cooldown, slowed, very slow
A: large, unfitting armour, claws 3, fast metabolism 3, gourmand, regeneration
1, shaggy fur 1, tough skin 3
a: Berserk, Trog's Hand, Renounce Religion


You were on level 3 of the Dungeon.
You worshipped Trog.
Trog was pleased with you.
You were very full.

You visited 1 branch of the dungeon, and saw 3 of its levels.

You collected 51 gold pieces.

Inventory:

Hand Weapons
 a - a +0 mace (weapon)
 n - a +0 dagger of holy wrath
Missiles
 g - 3 tomahawks (quivered)
Armour
 b - a +0 animal skin (worn)
Jewellery
 d - a +3 ring of intelligence (left claw)
 i - a +4 ring of evasion (right claw)
 j - an uncursed amulet of guardian spirit
 l - a cursed amulet of inaccuracy (around neck)
Scrolls
 e - a scroll of fog {unknown}
Potions
 f - a potion of heal wounds
 h - 2 potions of haste
 m - 2 potions of curing {unknown}
Comestibles
 c - 4 rations


   Skills:
 + Level 3.3 Fighting
 - Level 2.6 Maces & Flails
 - Level 0.4 Throwing
 + Level 3.3 Dodging
 * Level 0.6 Stealth
 * Level 1.5 Unarmed Combat


You had 3 spell levels left.
You didn't know any spells.
Your spell library was empty.

Dungeon Overview and Level Annotations

Branches:
Dungeon (3/15)

Altars:
Cheibriados


Innate Abilities, Weirdness & Mutations

You are too large for most types of armour.
You have claws for hands.
Your metabolism is lightning-fast.
You like to eat raw meat.
Your natural rate of healing is unusually fast.
You are covered in fur. (AC +1)
You have extremely tough skin. (AC +3)


Message History

The gnoll hits you from afar with a +0 spear!
The goblin closely misses you.
You barely miss the goblin.
The goblin is heavily wounded.
The gnoll barely misses you. x3; The goblin hits you but does no damage.
The gnoll closely misses you. The gnoll hits you but does no damage.
The gnoll hits you from afar with a +0 spear.
The goblin barely misses you.
You hit the goblin but do no damage.
The goblin is heavily wounded.
The gnoll misses you.
The gnoll hits you from afar with a +0 spear.
* * * LOW HITPOINT WARNING * * *
The gnoll barely misses you. The goblin barely misses you.
The gnoll hits you with a +0 club!
* * * LOW HITPOINT WARNING * * *
The gnoll hits you but does no damage. The gnoll misses you.
The goblin barely misses you.
The gnoll hits you from afar with a +0 spear!
You die...

### #.#
########.#######
#......@.......#
#.#####gg#.###.#
..ggs...#
.....g......
..............
...#.......#..#
.#.#...##%##..#
# .......# .#


You could see a scorpion, 4 gnolls and a goblin.

Vanquished Creatures
  4 gnolls (D:2)
  An adder (D:2)
  3 worms (D:2)
  4 dart slugs
  4 leopard geckos
  A ball python (D:1)
  3 giant cockroaches
  7 goblins
  10 hobgoblins
  4 jackals (D:2)
  6 kobolds
  11 bats
  3 frilled lizards
  3 rats
64 creatures vanquished.

Notes
Turn   | Place    | Note
-------+----------+-------------------------------------------
     0 | D:1      | whitewolfNL the Troll Berserker began the quest for the
                  | Orb.
     0 | D:1      | Reached XP level 1. HP: 22/22 MP: 0/0
   152 | D:1      | Found a snail-covered altar of Cheibriados.
   237 | D:1      | Reached XP level 2. HP: 29/29 MP: 1/1
   609 | D:1      | Reached XP level 3. HP: 36/36 MP: 2/2
   705 | D:1      | Reached ** piety under Trog
   927 | D:2      | Reached skill level 1 in Unarmed Combat
  1016 | D:2      | Reached XP level 4. HP: 14/45 MP: 3/3
  1787 | D:3      | Slain by a gnoll

Skill      XL: |  1  2  3 |
---------------+----------+-----
Fighting       | 3 |  3.3
Unarmed Combat | 1 |  1.5
Dodging        | 3 |  3.3
Maces & Flails | |  2.6
Throwing       | |  0.4
Stealth        | |  0.6

Action                   |  1- 3 |  4- 6 || total
-------------------------+-------+-------++-------
Melee: Mace              |   135 |   139 ||   274
Invok: Berserk           |     1 |     2 ||     3
  Use: Scroll            |     1 |       ||     1
       Potion            |       |     1 ||     1
  Eat: Chunk             |    15 |     9 ||    24
Armor: Animal skin       |    77 |    83 ||   160
Dodge: Dodged            |   130 |   194 ||   324
